 Dungeon Crawl Stone Soup version 0.29-a0-878-g7b45a56547 (webtiles) character file.

Game seed: 13169755284559687108

20404 kevlar127 the Grappler (level 12, -1/130 HPs)
             Began as a Troll Berserker on July 19, 2022.
             Was a High Priest of Trog.
             Hit by a large rock thrown by a cyclops (27 damage)
             ... on level 2 of the Orcish Mines.
             The game lasted 00:41:36 (14494 turns).

kevlar127 the Grappler (Troll Berserker)           Turns: 14494, Time: 00:41:37

Health: -1/130     AC:  6    Str: 32    XL:     12   Next: 45%
Magic:  11/11      EV: 10    Int:  3    God:    Trog [*****.]
Gold:   986        SH:  5    Dex:  9    Spells: 11/11 levels left

rFire   + . .      SeeInvis .     - Unarmed
rCold   . . .      Faith    .   (no shield)
rNeg    . . .      Spirit   .   H - +2 robe {Will+}
rPois   .          Reflect  +   (helmet restricted)
rElec   .          Harm     .   (no cloak)
rCorr   +          Rampage  .   (gloves unavailable)
Will    +....                   (boots unavailable)
Stlth   +.........              X - amulet of reflection
HPRegen 1.11/turn               G - ring of protection from fire
MPRegen 0.12/turn               F - ring of resist corrosion

@: no status effects
A: large, unfitting armour, claws 3, regeneration 1, shaggy fur 1, tough skin 1
a: Renounce Religion, Berserk, Trog's Hand, Brothers in Arms


You were on level 2 of the Orcish Mines.
You worshipped Trog.
Trog was extremely pleased with you.
You visited 3 branches of the dungeon, and saw 15 of its levels.

You collected 986 gold pieces.

Inventory:

Missiles
 f - 95 stones (quivered)
 j - 27 poisoned darts
 B - 3 silver boomerangs
 I - 2 throwing nets
 J - 4 curare-tipped darts
 O - 5 javelins
 V - 9 large rocks
 W - 6 atropa-tipped darts
Armour
 H - a +2 robe of willpower (worn)
 K - +0 fire dragon scales
Jewellery
 w - the ring "Hyqunim" {rC+ Int+3}
   (You found it on level 4 of the Dungeon)

   [ring of protection from cold]

   Int:       It affects your intelligence (+3).
   rC:        It protects you from cold.
 y - a ring of ice
 F - a ring of resist corrosion (right claw)
 G - a ring of protection from fire (left claw)
 Q - a +4 ring of protection
 X - an amulet of reflection (around neck)
Wands
 C - a wand of paralysis (10)
 M - a wand of iceblast (12)
 N - a wand of polymorph (10)
 R - a wand of flame (20)
 U - a wand of quicksilver (10)
Scrolls
 a - 4 scrolls of vulnerability {unknown}
 b - 2 scrolls of fog {unknown}
 d - 4 scrolls of noise {unknown}
 e - 4 scrolls of enchant armour {unknown}
 g - 6 scrolls of identify
 h - 2 scrolls of amnesia {unknown}
 q - 2 scrolls of torment
 r - a scroll of magic mapping {unknown}
 t - 3 scrolls of poison
 v - 8 scrolls of teleportation
 x - 2 scrolls of brand weapon {unknown}
 A - 3 scrolls of immolation
 Y - a scroll of silence {unknown}
Potions
 c - a potion of mutation {unknown}
 i - 2 potions of berserk rage {unknown}
 k - 6 potions of heal wounds {unknown}
 l - 7 potions of haste
 m - 3 potions of ambrosia {unknown}
 n - 6 potions of degeneration
 o - 3 potions of invisibility {unknown}
 p - 2 potions of might {unknown}
 s - 4 potions of curing {unknown}
 u - 2 potions of cancellation {unknown}
 z - 4 potions of lignification
 D - 4 potions of flight {unknown}
 E - 4 potions of resistance {unknown}
 L - 2 potions of magic {unknown}
 P - a potion of attraction {unknown}
 S - 2 potions of brilliance {unknown}
Miscellaneous
 Z - a box of beasts


   Skills:
 + Level 11.0 Fighting
 - Level 8.0 Throwing
 - Level 5.0 Armour
 - Level 3.0 Dodging
 + Level 13.0 Unarmed Combat
 + Level 0.7 Evocations


You had 11 spell levels left.
You didn't know any spells.
Your spell library was empty.

Dungeon Overview and Level Annotations

Branches:
Dungeon (12/15)            Temple (0/1) D:5            Lair (1/5) D:8
    Orc (2/2) D:12
    Elf: Orc:2

Altars:
Ashenzari
Dithmenos
Fedhas
Kikubaaqudgha
Makhleb
Nemelex Xobeh
Okawaru
Ru
Sif Muna
Uskayaw
Yredelemnul

Shops:
Orc:1 *


Innate Abilities, Weirdness & Mutations

You are too large for most types of armour.
You have claws for hands.
Your natural rate of healing is unusually fast.
You are covered in fur. (AC +1)
You have tough skin. (AC +1)


Message History

Press: ? - help, Q - select action, (/) - cycle Shift-Dir - straight line, f - cyclops
Aim: a cyclops, quivering large rocks (87% to hit)
You throw a stone. The stone hits the cyclops.
The cyclops is lightly wounded.
Unknown command.
Throw: 99 stones
Press: ? - help, Q - select action, (/) - cycle Shift-Dir - straight line, f/p - cyclops
Aim: a cyclops, quivering large rocks (lightly wounded, 87% to hit)
You throw a stone. The stone hits the cyclops.
The cyclops is lightly wounded.
A two-headed ogre comes into view.
It is wielding two +0 giant spiked clubs.
The cyclops throws a large rock.
The large rock hits you!
Throw: 98 stones
Press: ? - help, Q - select action, (/) - cycle Shift-Dir - straight line, f/p - cyclops
Aim: a cyclops, quivering large rocks (lightly wounded, 87% to hit)
You throw a stone.
The stone hits the cyclops but does no damage.
The cyclops is lightly wounded.
Throw: 97 stones
Press: ? - help, Q - select action, (/) - cycle Shift-Dir - straight line, f/p - cyclops
Aim: a cyclops, quivering large rocks (lightly wounded, 87% to hit)
You throw a stone. The stone hits the cyclops.
The cyclops is moderately wounded.
Throw: 96 stones
Press: ? - help, Q - select action, (/) - cycle Shift-Dir - straight line, f/p - cyclops
Aim: a cyclops, quivering large rocks (moderately wounded, 87% to hit)
You throw a stone.
The stone hits the cyclops but does no damage.
The cyclops is moderately wounded.
You claw the orc warrior!
The orc warrior is moderately wounded.
The orc warrior hits you with a +0 mace!
You claw the orc warrior! Your claw misses the orc warrior.
The orc warrior is almost dead.
The cyclops throws a large rock.
The large rock hits you!!!
Unknown command.
The orc warrior hits you with a +0 mace!
* * * LOW HITPOINT WARNING * * *
The cyclops throws a large rock.
The large rock hits you!!
You die...

.....#.....#
.#.........#####
............#..##
...C............#
...............#
....O...)...#
..^$..)))...#...
........o....#
....#..@....#....
... #........#.#.
. ##.#....####
##<....# ##.#.##
#####


You could see a two-headed ogre, a cyclops and an orc warrior.

Vanquished Creatures
  2 two-headed ogres
  Sonja (Orc:1)
  2 orc sorcerers (Orc:1)
  Pikel (D:5)
  An orc knight (D:12)
  A cyclops (D:11)
  A manticore (D:12)
  Joseph (D:9)
  2 gargoyles
  Maurice (D:9)
  A cane toad (Lair:1)
  Psyche (D:9)
  2 unseen horror zombies (D:9)
  A rime drake (Lair:1)
  5 kobold demonologists
  A komodo dragon (Lair:1)
  4 trolls
  2 polar bears (Lair:1)
  2 hornets
  Sigmund (D:5)
  12 yaks
  2 vampires
  2 wyverns
  6 wraiths
  3 steam dragons
  4 vampire mosquitoes (D:12)
  3 water moccasins
  A sky beast (D:6)
  3 ice beasts
  3 ogres
  8 orc warriors
  5 wolves (Lair:1)
  3 centaurs
  2 phantoms
  A lemure (D:5)
  4 kobold brigands
  6 bullfrogs
  A necrophage (D:5)
  A gnoll sergeant (D:10)
  3 scorpions (D:6)
  12 wights
  16 killer bees
  A jelly (D:6)
  2 hounds
  13 orc priests
  Jessica (D:3)
  15 orc wizards
  12 gnolls
  10 adders
  2 shadow imps
  3 ufetubi
  3 worms (D:2)
  3 dart slugs
  32 orcs
  4 bats
  5 endoplasms
  5 giant cockroaches
  11 goblins
  6 hobgoblins
  12 jackals
  19 kobolds
  5 quokkas
  6 ball pythons
  6 frilled lizards
  6 rats
316 creatures vanquished.

Vanquished Creatures (others)
  A deep elf pyromancer (D:12)
  2 kobolds (D:9)
  2 fungi (Lair:1)
  A plant (Lair:1)
  A withered plant (D:9)
7 creatures vanquished.

Grand Total: 323 creatures vanquished

Notes
Turn   | Place    | Note
-------+----------+-------------------------------------------
     0 | D:1      | kevlar127 the Troll Berserker began the quest for the Orb.
     0 | D:1      | Reached XP level 1. HP: 22/22 MP: 0/0
   170 | D:1      | Reached XP level 2. HP: 27/29 MP: 1/1
   217 | D:1      | Found a faded altar of an unknown god.
   540 | D:1      | Reached XP level 3. HP: 37/37 MP: 2/2
   545 | D:1      | Reached ** piety under Trog
   707 | D:2      | Reached skill level 4 in Unarmed Combat
   760 | D:2      | Reached XP level 4. HP: 35/45 MP: 3/3
  1763 | D:3      | Found an ancient bone altar of Kikubaaqudgha.
  1803 | D:3      | Noticed Jessica
  1808 | D:3      | Killed Jessica
  1809 | D:3      | Reached XP level 5. HP: 49/54 MP: 4/4
  2214 | D:3      | Found a shimmering blue altar of Sif Muna.
  2214 | D:3      | Found a basalt altar of Yredelemnul.
  2416 | D:4      | Identified the ring "Hyqunim" {rC+ Int+3}
  2450 | D:4      | Noticed an ogre
  2455 | D:4      | Killed an ogre
  2456 | D:4      | Reached skill level 5 in Unarmed Combat
  2456 | D:4      | Reached XP level 6. HP: 26/62 MP: 5/5
  2548 | D:4      | Reached *** piety under Trog
  3029 | D:5      | Entered Level 5 of the Dungeon
  3046 | D:5      | Reached skill level 1 in Throwing
  3086 | D:5      | Found a blossoming altar of Fedhas.
  3120 | D:5      | Noticed an ice beast
  3123 | D:5      | Noticed Sigmund
  3129 | D:5      | Killed an ice beast
  3130 | D:5      | Reached XP level 7. HP: 40/71 MP: 6/6
  3136 | D:5      | Killed Sigmund
  3137 | D:5      | Reached skill level 5 in Fighting
  3137 | D:5      | Reached skill level 6 in Unarmed Combat
  3248 | D:5      | Found a staircase to the Ecumenical Temple.
  3881 | D:5      | Noticed Pikel
  3894 | D:5      | Killed Pikel
  3895 | D:5      | Reached skill level 7 in Unarmed Combat
  3895 | D:5      | Reached XP level 8. HP: 55/83 MP: 7/7
  4606 | D:6      | Identified the +1 helmet of Heunke Zutuk {Will+}
  4657 | D:6      | Reached skill level 8 in Unarmed Combat
  4926 | D:6      | Reached skill level 1 in Armour
  5092 | D:6      | Reached XP level 9. HP: 59/92 MP: 8/8
  5597 | D:7      | Reached **** piety under Trog
  6133 | D:7      | Found a hide-covered altar of Uskayaw.
  6439 | D:8      | Reached skill level 9 in Unarmed Combat
  6679 | D:8      | Found a broken altar of Ashenzari.
  6705 | D:8      | Found a sacrificial altar of Ru.
  6742 | D:8      | Found a shadowy altar of Dithmenos.
  6742 | D:8      | Noticed a two-headed ogre
  6746 | D:8      | Killed a two-headed ogre
  6747 | D:8      | Reached XP level 10. HP: 104/104 MP: 9/9
  7143 | D:8      | Found a staircase to the Lair.
  7481 | Lair:1   | Entered Level 1 of the Lair of Beasts
  7515 | Lair:1   | Noticed a cane toad
  7523 | Lair:1   | Killed a cane toad
  7845 | Lair:1   | Reached skill level 10 in Unarmed Combat
  7879 | Lair:1   | Reached skill level 5 in Armour
  8565 | D:9      | Identified the +1 helmet "Tocvang" {Drain Str+2 Slay+2
                  | SInv}
  8687 | D:9      | Identified the +1 ring mail of Resourcefulness {Fly rPois
                  | rF- rC+ Will+}
  9267 | D:9      | Reached skill level 11 in Unarmed Combat
  9267 | D:9      | Reached XP level 11. HP: 115/115 MP: 10/10
  9381 | D:9      | Noticed Psyche
  9388 | D:9      | Killed Psyche
  9414 | D:9      | Found a sparkling altar of Nemelex Xobeh.
  9441 | D:9      | Reached skill level 5 in Throwing
  9459 | D:9      | Noticed Maurice
  9471 | D:9      | Killed Maurice
  9471 | D:9      | Reached ***** piety under Trog
  9582 | D:9      | Noticed Joseph
  9617 | D:9      | Killed Joseph
 10453 | D:10     | Entered Level 10 of the Dungeon
 11101 | D:10     | Found a burning altar of Makhleb.
 11101 | D:10     | Noticed a green death
 11210 | D:10     | Paralysed by a hornet for 1 turns
 11751 | D:11     | Reached skill level 10 in Fighting
 11965 | D:10     | Reached skill level 12 in Unarmed Combat
 12066 | D:11     | Identified the +0 pair of gloves of Lyir Boff {Will- Str+5
                  | Int+7}
 13260 | D:12     | Noticed a deep elf pyromancer
 13272 | D:12     | Killed a deep elf pyromancer
 13274 | D:12     | Reached XP level 12. HP: 127/127 MP: 11/11
 13404 | D:12     | Found a staircase to the Orcish Mines.
 13404 | D:12     | Found an iron altar of Okawaru.
 13943 | Orc:1    | Entered Level 1 of the Orcish Mines
 13982 | Orc:1    | Found Kuenwuci's Assorted Antiques.
 14039 | Orc:1    | Noticed Sonja
 14108 | Orc:1    | Killed Sonja
 14169 | Orc:1    | Noticed a two-headed ogre
 14178 | Orc:1    | Killed a two-headed ogre
 14179 | Orc:1    | Reached skill level 13 in Unarmed Combat
 14318 | Orc:2    | Entered Level 2 of the Orcish Mines
 14426 | Orc:2    | Noticed an orc high priest
 14488 | Orc:2    | Noticed a two-headed ogre
 14494 | Orc:2    | Hit by a large rock thrown by a cyclops

Illustrated notes

Levels and vault maps discovered:
D:1:      pf_arrival_petrified_forest, layout_basic,
          shapermc_ecumenical_altar_gd
D:2:      layout_basic, serial_rivers, chequers_serial_rivers_micro_c,
          chequers_serial_rivers_small_b, chequers_serial_rivers_large_a,
          chequers_serial_rivers_large_b, chequers_serial_rivers_micro_c,
          chequers_serial_rivers_micro_b, minmay_pentomino_pile
D:3:      layout_loops_corners, gammafunk_temple_overflow_wave,
          mainiacjoe_overflow_small_starburst, uniq_jessica
D:4:      layout_basic, corexii_shack, hangedman_decor_push
D:5:      layout_loops_cross, fedhas_ov_isle_minmay,
          minmay_temple_entry_gardened_gates, grunt_ministairs_3, uniq_pikel,
          uniq_sigmund
D:6:      layout_basic, hex_large
D:7:      layout_rooms, nicolae_uskayaw_murder_on_the_dancefloor, st_stairs_5
D:8:      layout_loops_ring, grunt_temple_overflow_open,
          grunt_dithmenos_shadows, lair_entry_dummy
D:9:      layout_loops_corners, kennysheep_little_box, serial_undead,
          serial_undead_e, serial_undead_d, serial_undead_d, serial_undead_a,
          grunt_decor_arrowhead, uniq_joseph, uniq_psyche, uniq_maurice
D:10:     layout_cave_pools, makhleb_altar_promises_db, grunt_ministairs_12
D:11:     layout_long_grid, nrook_loot_triangle
D:12:     layout_cave_pools, okawaru_ov_weapons_minmay
Lair:1:   layout_roguey
Orc:1:    layout_diamond_mine, serial_shops, nicolae_shop_window_shopping,
          uniq_sonja
Orc:2:    grunt_orc_cross, layout_caves, nicolae_orc_rockfall

Skill      XL: |  1  2  3  4  5  6  7  8  9 10 11 12 |
---------------+-------------------------------------+-----
Fighting       | 3 4 6 8 9 10 11 | 11.0
Unarmed Combat | 4 5 7 8 9 11 12 13 | 13.0
Throwing       | 1 3 4 7 8 |  8.0
Armour         | 1 4 5 |  5.0
Dodging        | 3 |  3.0
Evocations     | |  0.7

Action                   |  1- 3 |  4- 6 |  7- 9 | 10-12 || total
-------------------------+-------+-------+-------+-------++-------
Melee: Unarmed           |   122 |   141 |   191 |   479 ||   933
       Punch             |     4 |     4 |     7 |    23 ||    38
Throw: Stone             |       |       |       |    28 ||    28
       Boomerang         |       |       |       |    43 ||    43
       Dart              |       |       |       |     6 ||     6
       Large rock        |       |       |       |    15 ||    15
       Javelin           |       |       |       |     2 ||     2
Invok: Berserk           |       |     1 |     4 |     5 ||    10
       Trog's Hand       |       |       |       |     8 ||     8
  Use: Scroll            |       |       |       |     8 ||     8
       Potion            |       |       |       |     1 ||     1
 Stab: Sleeping          |     1 |     1 |     1 |       ||     3
Armor: Animal skin       |    35 |    34 |     1 |       ||    70
       Robe              |       |       |    67 |   128 ||   195
Dodge: Dodged            |    63 |    66 |    76 |   207 ||   412
Block: Other             |       |       |       |    22 ||    22
       Reflection        |       |       |       |     5 ||     5

Table legend: (Time is in decaauts)
 A = Elapsed time spent in this place.
 B = Non-inter-level travel time spent in this place.
 C = Inter-level travel time spent in this place.
 D = Time resting spent in this place.
 E = Time spent auto-exploring this place.
 F = Levels seen in this place.
 G = Mean time per level.
                   A        B        C        D        E       F      G
               +--------+--------+--------+--------+--------+-----+--------+
         Total |  14516 |  13367 |   1149 |   3505 |   7963 |  15 |  967.7 |
       Dungeon |  13119 |  12000 |   1119 |   3189 |   7174 |  12 | 1093.2 |
          Lair |    910 |    897 |     13 |    295 |    501 |   1 |  910.0 |
  Orcish Mines |    486 |    470 |     16 |     21 |    288 |   2 |  243.0 |
               +--------+--------+--------+--------+--------+-----+--------+

Top non-repeatable levels by time:
     D:9: 2061 daAuts
    D:11: 1565 daAuts
     D:5: 1228 daAuts
     D:8: 1226 daAuts
    D:10: 1116 daAuts
     D:6: 1032 daAuts
     D:3: 1004 daAuts
     D:7: 998 daAuts
  Lair:1: 910 daAuts
     D:4: 770 daAuts
     D:2: 760 daAuts
    D:12: 722 daAuts
     D:1: 632 daAuts
   Orc:1: 324 daAuts
   Orc:2: 161 daAuts
